NWL (28 & UNDER)
CULVER CITY EXTRAS @ RIVERSIDE RED BULLS
07/27/2028
 
TOP OF THE 1ST
Culver City Extras batting - Pitching for Riverside Red Bulls : LHP Curt Bennett
Pitching: LHP Curt Bennett
Batting: RHB Augusto Trevino 0-0: Called Strike
0-1: Ball
1-1: Ball
2-1: Ball
3-1: Foul Ball, location: 2F
3-2: Base on Balls
Batting: RHB Horace Johnson 0-0: Called Strike
0-1: Fly out, F9 (Line Drive, 9)
Batting: SHB Juan Carlos Mesa 0-0: Ball
Augusto Trevino is caught stealing 2nd base
1-0: Swinging Strike
1-1: Foul Ball, location: 2F
1-2: Ball
2-2: Ball
3-2: Strikes out swinging
Top of the 1st over - 0 run(s), 0 hit(s), 0 error(s), 0 left on base; Culver City 0 - Riverside 0
BOTTOM OF THE 1ST
Riverside Red Bulls batting - Pitching for Culver City Extras : LHP Sebastián Cervantes
Pitching: LHP Sebastián Cervantes
Batting: RHB Fernando Bórquez 0-0: Ground out 4-3 (Groundball, 4)
Batting: SHB Richard Griffin 0-0: Called Strike
0-1: Ball
1-1: Ball
2-1: Swinging Strike
2-2: Ground out 6-3 (Groundball, 6)
Batting: RHB Brandon Pope 0-0: Ball
1-0: Swinging Strike
1-1: SINGLE (Line Drive, 3)
Batting: RHB Luis Flores 0-0: Called Strike
0-1: Fielders Choice at 2nd, 4-6 (Groundball, 4)
Bottom of the 1st over - 0 run(s), 1 hit(s), 0 error(s), 0 left on base; Culver City 0 - Riverside 0
TOP OF THE 2ND
Culver City Extras batting - Pitching for Riverside Red Bulls : LHP Curt Bennett
Batting: LHB Collin Smith 0-0: Foul Ball, location: 2F
0-1: Ground out 4-3 (Groundball, 4)
Batting: RHB Bob Magee 0-0: Foul Ball, location: 2F
0-1: Foul Ball, location: 2F
0-2: Ball
1-2: Hit by Pitch
Batting: LHB Tony Smith 0-0: Swinging Strike
0-1: Swinging Strike
0-2: Ball
1-2: Ball
2-2: Strikes out swinging
Batting: LHB Richard Bell 0-0: Swinging Strike
0-1: Ball
1-1: Fly out, F7 (Flyball, 7LMF)
Top of the 2nd over - 0 run(s), 0 hit(s), 0 error(s), 1 left on base; Culver City 0 - Riverside 0
BOTTOM OF THE 2ND
Riverside Red Bulls batting - Pitching for Culver City Extras : LHP Sebastián Cervantes
Batting: RHB Luis Bustamante 0-0: Foul Ball, location: 2F
0-1: Ball
1-1: Swinging Strike
1-2: Foul Ball, location: 2F
1-2: Foul Ball, location: 2F
1-2: Fly out, F7 (Line Drive, 78M)
Batting: RHB Patrick Daniels 0-0: Swinging Strike
0-1: Ball
1-1: Called Strike
1-2: Strikes out swinging
Batting: LHB William Wolf 0-0: Fly out, F7 (Flyball, 7S)
Bottom of the 2nd over - 0 run(s), 0 hit(s), 0 error(s), 0 left on base; Culver City 0 - Riverside 0
TOP OF THE 3RD
Culver City Extras batting - Pitching for Riverside Red Bulls : LHP Curt Bennett
Batting: RHB Shawn Gutiérrez 0-0: Ball
1-0: Ball
2-0: Ball
3-0: Called Strike
3-1: SINGLE (Line Drive, 5D)
Batting: RHB Eugene Booth 0-0: Ball
1-0: Ball
2-0: Called Strike
2-1: Foul Ball, location: 2F
2-2: Ball
3-2: Grounds into double play, 6-4-3 (Groundball, 6)
Batting: RHB Augusto Trevino 0-0: Ball
1-0: Called Strike
1-1: Ball
2-1: Foul Ball, location: 2F
2-2: Ball
3-2: Foul Ball, location: 2F
3-2: Strikes out swinging
Top of the 3rd over - 0 run(s), 1 hit(s), 0 error(s), 0 left on base; Culver City 0 - Riverside 0
BOTTOM OF THE 3RD
Riverside Red Bulls batting - Pitching for Culver City Extras : LHP Sebastián Cervantes
Batting: LHB José Arce 0-0: SINGLE (Flyball, 8RS)
Batting: RHB Lakota O'Reilly 0-0: Ball
1-0: Foul Ball, location: 2F
1-1: Grounds into double play, 3-6-3 (Groundball, 34)
Batting: RHB Fernando Bórquez 0-0: Foul Ball, location: 2F
0-1: Ball
1-1: Ball
2-1: Foul Ball, location: 2F
2-2: SINGLE (Groundball, 6S) (infield hit)
Batting: SHB Richard Griffin 0-0: Called Strike
Fernando Bórquez steals 2nd base
0-1: Swinging Strike
0-2: Foul Ball, location: 2F
0-2: SINGLE (Flyball, 8RS)
Fernando Bórquez to third
Runner from 3rd tries for Home, SAFE, no throw
Batting: RHB Brandon Pope 0-0: SINGLE (Line Drive, 56)
Richard Griffin to second
Batting: RHB Luis Flores 0-0: Foul Ball, location: 2F
0-1: Ground out U3 (Groundball, 34)
Bottom of the 3rd over - 1 run(s), 4 hit(s), 0 error(s), 2 left on base; Culver City 0 - Riverside 1
TOP OF THE 4TH
Culver City Extras batting - Pitching for Riverside Red Bulls : LHP Curt Bennett
Batting: RHB Horace Johnson 0-0: Fly out, F9 (Flyball, 89M)
Batting: SHB Juan Carlos Mesa 0-0: Ball
1-0: Called Strike
1-1: Ball
2-1: Ball
3-1: Foul Ball, location: 2F
3-2: Strikes out looking
Batting: LHB Collin Smith 0-0: Ball
1-0: Ball
2-0: Swinging Strike
2-1: Called Strike
2-2: Strikes out swinging
Top of the 4th over - 0 run(s), 0 hit(s), 0 error(s), 0 left on base; Culver City 0 - Riverside 1
BOTTOM OF THE 4TH
Riverside Red Bulls batting - Pitching for Culver City Extras : LHP Sebastián Cervantes
Batting: RHB Luis Bustamante 0-0: Foul Ball, location: 2F
0-1: DOUBLE (Flyball, 78M)
Batting: RHB Patrick Daniels 0-0: Ball
1-0: Fly out, F9 (Line Drive, 9D)
Batting: LHB William Wolf 0-0: Swinging Strike
0-1: Foul Ball, location: 2F
0-2: Strikes out swinging
Batting: LHB José Arce 0-0: Called Strike
0-1: Fly out, F8 (Flyball, 8RM)
Bottom of the 4th over - 0 run(s), 1 hit(s), 0 error(s), 1 left on base; Culver City 0 - Riverside 1
TOP OF THE 5TH
Culver City Extras batting - Pitching for Riverside Red Bulls : LHP Curt Bennett
Batting: RHB Bob Magee 0-0: Ball
1-0: Called Strike
1-1: Ball
2-1: SINGLE (Line Drive, 78M)
Batting: LHB Tony Smith 0-0: Ball
1-0: Foul Ball, location: 2F
1-1: Ball
2-1: Ball
3-1: Foul Ball, location: 2F
3-2: Fielders Choice at 2nd, 4-6 (Groundball, 34)
Batting: LHB Richard Bell 0-0: Called Strike
0-1: Swinging Strike
0-2: Strikes out looking
Batting: RHB Shawn Gutiérrez 0-0: Ball
1-0: Ball
2-0: Foul Ball, location: 2F
2-1: Foul Ball, location: 2F
2-2: Ball
3-2: Strikes out swinging
Top of the 5th over - 0 run(s), 1 hit(s), 0 error(s), 1 left on base; Culver City 0 - Riverside 1
BOTTOM OF THE 5TH
Riverside Red Bulls batting - Pitching for Culver City Extras : LHP Sebastián Cervantes
Batting: RHB Lakota O'Reilly 0-0: Ball
1-0: Swinging Strike
1-1: Ball
2-1: Ball
3-1: Bunted foul
3-2: Foul Ball, location: 2F
3-2: Foul Ball, location: 2F
3-2: Base on Balls
Batting: RHB Fernando Bórquez 0-0: Called Strike
0-1: Swinging Strike
0-2: Ball
1-2: Foul Ball, location: 2F
1-2: Foul Ball, location: 2F
1-2: Foul Ball, location: 2F
1-2: Strikes out looking
Batting: SHB Richard Griffin 0-0: Called Strike
0-1: Ball
1-1: Fly out, F9 (Flyball, 89M)
Batting: RHB Brandon Pope 0-0: Ball
1-0: Called Strike
1-1: Fielders Choice at 2nd, 4-6 (Groundball, 4)
Bottom of the 5th over - 0 run(s), 0 hit(s), 0 error(s), 0 left on base; Culver City 0 - Riverside 1
TOP OF THE 6TH
Culver City Extras batting - Pitching for Riverside Red Bulls : LHP Curt Bennett
Batting: RHB Eugene Booth 0-0: Ball
1-0: Ball
2-0: Called Strike
2-1: Foul Ball, location: 2F
2-2: Foul Ball, location: 2F
2-2: SOLO HOME RUN (Flyball, 7D), Distance : 399 ft
Batting: RHB Augusto Trevino 0-0: Ball
1-0: Called Strike
1-1: Ball
2-1: Ball
3-1: Base on Balls
Pitching: RHP Shawn Montoya
Batting: RHB Horace Johnson 0-0: Called Strike
0-1: Foul Ball, location: 2F
0-2: Ball
1-2: Fielders Choice at 2nd, 4-6 (Groundball, 4)
Batting: SHB Juan Carlos Mesa 0-0: Called Strike
0-1: Ball
1-1: Ball
2-1: Called Strike
2-2: Strikes out swinging
Batting: LHB Collin Smith 0-0: Ball
1-0: Fly out, F8 (Flyball, 89M)
Top of the 6th over - 1 run(s), 1 hit(s), 0 error(s), 1 left on base; Culver City 1 - Riverside 1
BOTTOM OF THE 6TH
Riverside Red Bulls batting - Pitching for Culver City Extras : LHP Sebastián Cervantes
Batting: RHB Luis Flores 0-0: Called Strike
0-1: Ball
1-1: Ball
2-1: Ball
3-1: SINGLE (Groundball, 3D)
Batting: RHB Luis Bustamante 0-0: Ball
1-0: Called Strike
Luis Flores steals 2nd base
1-1: Ball
2-1: Ball
3-1: Base on Balls
Batting: RHB Patrick Daniels 0-0: Fielders Choice at 3rd, U5 (Groundball, 5L)
Luis Bustamante to second
Batting: LHB William Wolf 0-0: Called Strike
0-1: Ball
1-1: Swinging Strike
1-2: Ball
2-2: Strikes out swinging
Batting: LHB José Arce 0-0: Swinging Strike
0-1: Ball
1-1: Ball
2-1: Ground out 4-3 (Groundball, 4MS)
Bottom of the 6th over - 0 run(s), 1 hit(s), 0 error(s), 2 left on base; Culver City 1 - Riverside 1
TOP OF THE 7TH
Culver City Extras batting - Pitching for Riverside Red Bulls : RHP Shawn Montoya
Pinch Hitting: RHB Tony Cruz 0-0: Ball
1-0: Foul Ball, location: 2F
1-1: Foul Ball, location: 2F
1-2: Ball
2-2: SINGLE (Line Drive, 4MD)
Pinch Runner at 1st Clint Younger:
Pinch Hitting: RHB Ramón Molina 0-0: Called Strike
Clint Younger steals 2nd base
0-1: Ball
1-1: Intentional Walk
Batting: LHB Richard Bell 0-0: Fly out, F8 (Flyball, 8RXD)
Runner from 2nd tags up, SAFE at 3rd, no throw
Batting: RHB Shawn Gutiérrez 0-0: Ball
1-0: Ball
2-0: Fly out, F6 (Flyball, 56D)
Pinch Hitting: RHB Ben Alexander 0-0: Ball
1-0: Foul Ball, location: 2F
1-1: Fly out, F9 (Flyball, 89S)
Top of the 7th over - 0 run(s), 1 hit(s), 0 error(s), 2 left on base; Culver City 1 - Riverside 1
BOTTOM OF THE 7TH
Riverside Red Bulls batting - Pitching for Culver City Extras : LHP Sebastián Cervantes
Now at 1B: Ben Alexander
Now at SS: Clint Younger
Now in CF: Buddy Rice
Batting: RHB Lakota O'Reilly 0-0: Ball
1-0: Fly out, F4 (Popup, 4D)
Batting: RHB Fernando Bórquez 0-0: Called Strike
0-1: Ball
1-1: Ball
2-1: Ball
3-1: SINGLE (Groundball, 6D)
Pitching: RHP Alden Parker
Batting: SHB Richard Griffin 0-0: Ball
1-0: Called Strike
1-1: Ball
2-1: Ball
3-1: Fly out, F7 (Line Drive, 7)
Batting: RHB Brandon Pope 0-0: Ball
1-0: Ball
Passed Ball!
Fernando Bórquez to second
2-0: Ball
3-0: Base on Balls
Batting: RHB Luis Flores 0-0: Fly out, F9 (Flyball, 9S)
Bottom of the 7th over - 0 run(s), 1 hit(s), 0 error(s), 2 left on base; Culver City 1 - Riverside 1
TOP OF THE 8TH
Culver City Extras batting - Pitching for Riverside Red Bulls : RHP Shawn Montoya
Batting: RHB Augusto Trevino 0-0: Foul Ball, location: 2F
0-1: Ball
1-1: Ball
2-1: Ball
3-1: Base on Balls
Batting: RHB Horace Johnson 0-0: Reached on error, E1 (Groundball, 13)
Augusto Trevino to third
Batting: SHB Juan Carlos Mesa 0-0: Foul Ball, location: 2F
0-1: Called Strike
0-2: Strikes out looking
Batting: LHB Collin Smith 0-0: Intentional Walk
Batting: RHB Clint Younger 0-0: Ball
1-0: Grounds into fielders choice 5-2 (Groundball, 56S)
Horace Johnson to third
Collin Smith to second
Batting: LHB Buddy Rice 0-0: Ball
1-0: DOUBLE (Flyball, 7LD)
Horace Johnson scores
Collin Smith scores
Clint Younger to third
Runner from 3rd tries for Home, throw and OUT!
Top of the 8th over - 2 run(s), 1 hit(s), 1 error(s), 1 left on base; Culver City 3 - Riverside 1
BOTTOM OF THE 8TH
Riverside Red Bulls batting - Pitching for Culver City Extras : RHP Alden Parker
Now at 3B: Artie Pennington
Batting: RHB Luis Bustamante 0-0: Ball
1-0: Called Strike
1-1: Swinging Strike
1-2: Ball
2-2: Ball
3-2: Foul Ball, location: 2F
3-2: Ground out 6-3 (Groundball, 6)
Batting: RHB Patrick Daniels 0-0: Ball
1-0: Foul Ball, location: 2F
1-1: Swinging Strike
1-2: Ball
2-2: Strikes out looking
Batting: LHB William Wolf 0-0: Ball
1-0: Ball
2-0: Swinging Strike
2-1: Ball
3-1: Called Strike
3-2: Strikes out swinging
Bottom of the 8th over - 0 run(s), 0 hit(s), 0 error(s), 0 left on base; Culver City 3 - Riverside 1
TOP OF THE 9TH
Culver City Extras batting - Pitching for Riverside Red Bulls : RHP Shawn Montoya
Pitching: RHP Carlos Rodríguez
Batting: LHB Richard Bell 0-0: Called Strike
0-1: Ball
1-1: SOLO HOME RUN (Flyball, 8LXD), Distance : 437 ft
Batting: RHB Shawn Gutiérrez 0-0: Ball
1-0: Ground out 5-3 (Groundball, 56)
Batting: RHB Ben Alexander 0-0: Ball
1-0: Ball
2-0: Fly out, F9 (Flyball, 9LMF)
Batting: RHB Augusto Trevino 0-0: Foul Ball, location: 2F
0-1: Ball
1-1: Called Strike
1-2: Ball
2-2: Ball
3-2: Hit by Pitch
Batting: RHB Artie Pennington 0-0: Ball
1-0: Ball
2-0: Called Strike
2-1: Foul Ball, location: 2F
2-2: Ball
3-2: Foul Ball, location: 2F
3-2: Base on Balls
Augusto Trevino to second
Batting: SHB Juan Carlos Mesa 0-0: Called Strike
0-1: Ball
1-1: Fly out, F7 (Flyball, 78S)
Top of the 9th over - 1 run(s), 1 hit(s), 0 error(s), 2 left on base; Culver City 4 - Riverside 1
BOTTOM OF THE 9TH
Riverside Red Bulls batting - Pitching for Culver City Extras : RHP Alden Parker
Pitching: LHP Henry Brown
Batting: LHB José Arce 0-0: Ball
1-0: Fly out, F8 (Flyball, 78M)
Batting: RHB Lakota O'Reilly 0-0: Called Strike
0-1: Ball
1-1: Ball
2-1: SINGLE (Groundball, 56D)
Batting: RHB Fernando Bórquez 0-0: Ball
1-0: Grounds into double play, 6-4-3 (Groundball, 6)
Bottom of the 9th over - 0 run(s), 1 hit(s), 0 error(s), 0 left on base; Culver City 4 - Riverside 1
Tuesday, August 8th, 2017 - OOTP Baseball 17.12 Build 75